 Dungeon Crawl Stone Soup version 0.31.0-32-g396128a36d (webtiles) character file.

Game seed: 15672087015202430256

293 bearlyready the Cleaver (level 6, -1/76 HPs)
             Began as a Hill Orc Berserker on Mar 29, 2024.
             Was a Priest of Trog.
             Slain by an ogre
             ... wielding a +0 giant club
              (16 damage)
             ... on level 4 of the Dungeon.
             The game lasted 00:05:01 (2993 turns).

bearlyready the Cleaver (Hill Orc Berserker)        Turns: 2993, Time: 00:05:02

Health: -1/76      AC:  5    Str: 22    XL:     6   Next: 33%
Magic:  6/6        EV: 11    Int:  7    God:    Trog [***...]
Gold:   199        SH:  0    Dex: 10    Spells: 5/5 levels left

rFire   . . .        a - +0 hand axe
rCold   . . .        (no shield)
rNeg    . . .        s - +0 leather armour
rPois   .            k - +0 helmet
rElec   .            n - +0 cloak
rCorr   .            (no gloves)
SInv    .            (no boots)
Will    .....        (no amulet) Stlth
                     (no ring)
HPRegen 0.32/turn    (no ring)
MPRegen 0.10/turn

%: no passive effects
@: berserking (expiring), very quick
A: no striking features
a: Renounce Religion, Berserk, Trog's Hand


You were on level 4 of the Dungeon.
You worshipped Trog.
Trog was most pleased with you.
You visited 1 branch of the dungeon, and saw 6 of its levels.

You collected 199 gold pieces.

Inventory:

Hand Weapons
 a - a +0 hand axe (weapon)
Missiles
 c - 5 atropa-tipped darts (quivered)
 p - 2 boomerangs
Armour
 b - a +0 animal skin
 k - a +0 helmet (worn)
 n - a +0 cloak (worn)
 s - a +0 leather armour (worn)
Jewellery
 q - a ring of protection from fire
Scrolls
 e - 2 scrolls of noise {unknown}
 f - a scroll of poison {unknown}
 h - 3 scrolls of identify {unknown}
 j - a scroll of teleportation {unknown}
 t - a scroll of fear {unknown}
Potions
 d - 2 potions of enlightenment {unknown}
 g - a potion of degeneration {unknown}
 i - a potion of magic {unknown}
 l - a potion of attraction {unknown}
 m - 2 potions of curing {unknown}
 o - a potion of brilliance {unknown}
 r - a potion of lignification {unknown}


   Skills:
 - Level 3.6 Fighting
 + Level 9.1 Axes
 - Level 2.1 Armour
 - Level 1.5 Dodging


You had 5 spell levels left.
You didn't know any spells.
Your spell library was empty.

Dungeon Overview and Level Annotations

Branches:
Dungeon (6/15)
 Temple: D:4-7

Altars:
Okawaru
Ru
Uskayaw
Wu Jian

Shops:
D:1 *=(


Message History

You kill the jackal!
Trog accepts your kill.
You see here a jackal corpse.
Found a pair of boots.
Found a helmet.
An iguana, a ribbon worm and an ogre come into view.
Found a serpent talisman.
The iguana hisses angrily.
The ogre shouts!
Found a runed short sword.
The ogre completely misses you.
You barely miss the ogre. The ogre hits you with a +0 giant club!
A red film seems to cover your vision as you go berserk!
You feel yourself moving faster!
You feel mighty!
You slash the ogre!
The ogre is moderately wounded.
You slash the ribbon worm!
The ogre hits you with a +0 giant club!!
You are too injured to fight recklessly!
You slash the ogre!
The ogre is almost dead.
You hit the ribbon worm.
The ribbon worm expels a string of sticky webbing.
The stream of webbing hits you but does no damage.
You are caught in a web!
The web tears apart.
A quokka comes into view.
The ogre hits you with a +0 giant club!!
* * * LOW HITPOINT WARNING * * *
You closely miss the ogre.
The ogre is almost dead.
You hit the ribbon worm. The ribbon worm closely misses you.
You barely miss the ogre.
The ogre is almost dead.
You hit the ribbon worm. You barely miss the ogre.
The ogre is almost dead.
You slash the ribbon worm!
You kill the ribbon worm!
Trog accepts your kill. The ogre hits you with a +0 giant club!
You die...

... .. .... #####
..
....##...##.......
..................
...............
.?.%. ...[.. #lO#
#...#
##.##.@###...##
...............#
...............#
..[............#
)..............#
...............#
...............#
...............#
##...........##


You could see an ogre and an iguana.

Vanquished Creatures
  A hound (D:5)
  Crazy Yiuf (D:2)
  An iguana (D:4)
  Robin (D:2)
  11 adders
  2 dart slugs
  3 ribbon worms
  5 orcs (D:3)
  10 endoplasms
  3 giant cockroaches (D:1)
  16 goblins
  5 hobgoblins
  7 jackals
  4 quokkas
  4 ball pythons
  3 bats
  4 frilled lizards
  2 kobolds
  3 rats
86 creatures vanquished.

Notes
Turn   | Place    | Note
-------+----------+-------------------------------------------
     0 | D:1      | bearlyready the Hill Orc Berserker began the quest for the
                  | Orb.
     0 | D:1      | Reached XP level 1. HP: 19/19 MP: 1/1
    35 | D:1      | Found Evupsem's Weapon Boutique.
   190 | D:1      | Found Qutaafry's Jewellery Boutique.
   251 | D:1      | Reached XP level 2. HP: 26/26 MP: 2/2
   275 | D:1      | Found Ypuateat's Assorted Antiques.
   307 | D:1      | Reached skill level 5 in Axes
   771 | D:1      | Reached XP level 3. HP: 29/31 MP: 3/3
  1407 | D:2      | Reached skill level 6 in Axes
  1409 | D:2      | Reached ** piety under Trog
  1506 | D:2      | Found an ornate altar of the Wu Jian Council.
  1516 | D:2      | Reached XP level 4. HP: 30/39 MP: 4/4
  1581 | D:2      | Noticed Robin
  1598 | D:2      | Killed Robin
  1599 | D:2      | Reached skill level 7 in Axes
  1946 | D:2      | Found a runed translucent door.
  1947 | D:2      | Noticed Crazy Yiuf
  1953 | D:2      | Killed Crazy Yiuf
  1954 | D:2      | Reached XP level 5. HP: 45/45 MP: 5/5
  2169 | D:3      | Reached skill level 8 in Axes
  2209 | D:3      | Found a hide-covered altar of Uskayaw.
  2627 | D:3      | Reached XP level 6. HP: 48/51 MP: 6/6
  2665 | D:3      | Found a sacrificial altar of Ru.
  2665 | D:3      | You fall into a shaft and drop 3 floors!
  2671 | D:5      | Entered Level 5 of the Dungeon
  2827 | D:4      | Reached skill level 9 in Axes
  2886 | D:4      | Reached *** piety under Trog
  2895 | D:4      | Found an iron altar of Okawaru.
  2993 | D:4      | Slain by an ogre

Illustrated notes

Levels and vault maps discovered:
D:1:      psy_arrival_whirlpool, layout_basic, serial_shops,
          nicolae_shop_tiny_glass, shop, shop
D:2:      layout_basic, basic_altar, item_on_display_a, uniq_robin,
          uniq_crazy_yiuf_cottage
D:3:      layout_basic, nicolae_ru_great_annihilating_truth,
          nicolae_uskayaw_dance_hall
D:4:      layout_gridville, nicolae_qazlal_beasts_of_the_sky, marbit_many_paths
D:5:      layout_loops_ring, nemelex_spade_bored_becter, nicolae_tricolors,
          uniq_edmund
D:6:      layout_loops_cross, nicolae_overflow_crystal_walls, tgw_trog,
          temple_pool_b, dreamdust_princess_corridor

Skill      XL: |  1  2  3  4  5  6 |
---------------+-------------------+-----
Axes           | 5 6 7 8 9 |  9.1
Fighting       | |  3.6
Armour         | |  2.1
Dodging        | |  1.5

Action                     |  1- 3 |  4- 6 || total
---------------------------+-------+-------++-------
  Melee: Hand axe          |   114 |   151 ||   265
 Invoke: Berserk           |     1 |     3 ||     4
   Stab: Sleeping          |     2 |       ||     2
 Armour: Animal skin       |    59 |    68 ||   127
         Leather armour    |       |    21 ||    21
  Dodge: Dodged            |    53 |    82 ||   135
